 Dungeon Sprint DCSS version 0.21-a0-274-gc1afaeb (webtiles) character file.

1875 potatolord6000 the Fighter (level 8, -6/82 HPs)
             Began as a Minotaur Gladiator on Sept 18, 2017.
             Was an Elder of Okawaru.
             Killed from afar by an acid dragon (18 damage)
             ... with a splash of acid
             ... in the Dungeon (Sprint VII: "The Pits").
             The game lasted 00:02:51 (1201 turns).

potatolord6000 the Fighter (Minotaur Gladiator)     Turns: 1201, Time: 00:02:54

Health: -6/82      AC: 19    Str: 24    XL:     8   Next: 91%
Magic:  13/13      EV: 12    Int:  8    God:    Okawaru [****..]
Gold:   0          SH:  0    Dex: 12    Spells: 7/7 levels left

rFire    . . .     SeeInvis .   s - +1 broad axe (chop)
rCold    . . .     Gourm    .   (no shield)
rNeg     . . .     Faith    .   t - +3 plate armour
rPois    .         Spirit   .   c - +0 hat
rElec    .         Reflect  .   (no cloak)
rCorr    .         Harm     .   q - +0 pair of gloves
MR       .....     NoTele   +   (no boots)
Stlth    ..........             (no amulet)
HPRegen  0.23/turn              h - +3 ring of intelligence
MPRegen  0.13/turn              r - +3 ring of strength

@: lethally poisoned (-6 -> -59)
A: retaliatory headbutt, horns 2
a: Heroism, Renounce Religion


You were in the Dungeon.
You worshipped Okawaru.
Okawaru was greatly pleased with you.
You were full.

You visited 1 branch

Inventory:

Hand Weapons
 s - a +1 broad axe of chopping (weapon)
Armour
 c - a +0 hat (worn)
 q - a +0 pair of gloves (worn)
 t - a +3 plate armour (worn)
Jewellery
 h - a +3 ring of intelligence (left hand)
 r - a +3 ring of strength (right hand)
Scrolls
 k - a scroll of blinking
 l - 3 scrolls of remove curse
 m - 5 scrolls of amnesia
 n - a scroll of summoning
Potions
 a - 2 potions of might
 b - 2 potions of agility
 d - 2 potions of invisibility
 e - 8 potions of curing
 g - 8 potions of heal wounds
 i - 4 potions of magic
 j - 3 potions of berserk rage
Comestibles
 f - 8 bread rations
 o - 40 fruits
 p - 5 meat rations


   Skills:
 + Level 11.0 Fighting
 + Level 10.2(10.7) Axes
   Level 4.8(8.2) Polearms
 - Level 2.0 Throwing
 + Level 10.7 Armour
 + Level 10.5 Dodging
 + Level 8.6 Invocations


You had 7 spell levels left.
You didn't know any spells.

Dungeon Overview and Level Annotations

Branches:
Dungeon (1/1)

Altars:
Ashenzari
Cheibriados
Dithmenos
Elyvilon
Fedhas
Gozag
Hepliaklqana
Kikubaaqudgha
Makhleb
Nemelex Xobeh
Okawaru
Qazlal
Ru
Sif Muna
Trog
Uskayaw
Vehumet
Wu Jian
Xom
Yredelemnul
Zin
The Shining One
Beogh
Jiyva
Lugonu


Innate Abilities, Weirdness & Mutations

You reflexively headbutt those who attack you in melee.
You have a pair of horns on your head.


Message History

Your headbutt misses the swamp dragon.
The swamp dragon is moderately wounded.
You closely miss the acid dragon.
* * * LOW HITPOINT WARNING * * *
You feel very sick. The acid dragon completely misses you.
The acid dragon claws you but does no damage.
The swamp dragon bites you but does no damage.
The swamp dragon claws you but does no damage.
The swamp dragon tramples you but does no damage.
Unknown command.
Unknown command.
You slash the swamp dragon!
The swamp dragon is severely wounded.
You barely miss the acid dragon.
* * * LOW HITPOINT WARNING * * *
You feel very sick. The acid dragon spits acid at you.
The splash of acid hits you!
You die...

.....'................+
'#####......#..#......#
.#..##................#
.'..#####'#####''######
##'###.......##''#
.).(##.......##§.#
....##.......##§§#
'#####...<...##..#
))..##.......##D@#
))..##.......##§D#
######.......##...
##..###########....
.#.############...##
##.#....#..[[##..##
.#'#)...#..[.##..#
##(†....'..))##..#
.#'#....#..))#


You could see a swamp dragon and an acid dragon.

Vanquished Creatures
  A cyclops (D)
  A rime drake (D)
  A yaktaur (D)
  A hungry ghost (D)
  A warg (D)
  2 porcupines (D)
  A floating eye (D)
  A necrophage (D)
  An ogre (D)
  A big kobold (D)
  A crimson imp (D)
  A quasit (D)
  An orc priest (D)
  A gnoll shaman (D)
  A worker ant (D)
  An adder (D)
  6 gnolls (D)
  A worm (D)
  A giant cockroach (D)
  2 kobolds (D)
  A ball python (D)
  A frilled lizard (D)
  A rat (D)
30 creatures vanquished.

Notes
Turn   | Place    | Note
-------+----------+-------------------------------------------
     0 | D        | potatolord6000 the Minotaur Gladiator began the quest for the Orb.
     0 | D        | Reached XP level 1. HP: 18/18 MP: 0/0
    12 | D        | Noticed a worker ant
    25 | D        | Killed a worker ant
    25 | D        | Reached skill level 4 in Fighting
    25 | D        | Reached XP level 2. HP: 11/27 MP: 1/1
    56 | D        | Found a bloodstained altar of Trog.
    56 | D        | Found a deep blue altar of Sif Muna.
    56 | D        | Found a viscous altar of Jiyva.
    56 | D        | Found a hazy altar of Hepliaklqana.
    56 | D        | Found an opulent altar of Gozag.
    57 | D        | Found a glowing golden altar of the Shining One.
    57 | D        | Found a glowing silver altar of Zin.
    57 | D        | Found a basalt altar of Yredelemnul.
    57 | D        | Found a shimmering altar of Xom.
    57 | D        | Found an ornate altar of the Wu Jian Council.
    57 | D        | Found a sacrificial altar of Ru.
    57 | D        | Found a stormy altar of Qazlal.
    57 | D        | Found an iron altar of Okawaru.
    57 | D        | Found a sparkling altar of Nemelex Xobeh.
    57 | D        | Found a burning altar of Makhleb.
    57 | D        | Found a blossoming altar of Fedhas.
    57 | D        | Found a white marble altar of Elyvilon.
    57 | D        | Found a shadowy altar of Dithmenos.
    57 | D        | Found a snail-covered altar of Cheibriados.
    59 | D        | Found a radiant altar of Vehumet.
    59 | D        | Found a corrupted altar of Lugonu.
    59 | D        | Found a roughly hewn altar of Beogh.
    61 | D        | Found an ancient bone altar of Kikubaaqudgha.
    61 | D        | Found a hide-covered altar of Uskayaw.
    61 | D        | Found a shattered altar of Ashenzari.
    69 | D        | Became a worshipper of Warmaster Okawaru
   206 | D        | Reached skill level 1 in Axes
   206 | D        | Reached XP level 3. HP: 26/34 MP: 2/2
   279 | D        | Noticed a floating eye
   282 | D        | Killed a floating eye
   282 | D        | Reached * piety under Okawaru
   282 | D        | Reached skill level 5 in Fighting
   282 | D        | Reached skill level 5 in Armour
   282 | D        | Reached skill level 5 in Dodging
   282 | D        | Reached XP level 4. HP: 44/44 MP: 2/5
   329 | D        | Noticed a hungry ghost
   330 | D        | Reached skill level 6 in Fighting
   334 | D        | Reached XP level 5. HP: 50/50 MP: 6/6
   345 | D        | Killed a hungry ghost
   345 | D        | Reached skill level 7 in Fighting
   345 | D        | Reached skill level 5 in Axes
   345 | D        | Reached XP level 6. HP: 58/60 MP: 4/8
   411 | D        | Noticed a porcupine
   412 | D        | Noticed a warg
   418 | D        | Reached ** piety under Okawaru
   422 | D        | Reached skill level 5 in Invocations
   433 | D        | Killed a warg
   433 | D        | Reached skill level 8 in Fighting
   434 | D        | HP: 3/62 [big kobold (2)]
   435 | D        | Killed a porcupine
   435 | D        | Reached XP level 7. HP: 4/69 MP: 8/10
   438 | D        | Reached skill level 9 in Fighting
   670 | D        | Noticed a cyclops
   684 | D        | Killed a cyclops
   684 | D        | Reached *** piety under Okawaru
   684 | D        | Reached skill level 10 in Fighting
   684 | D        | Reached XP level 8. HP: 37/79 MP: 12/12
   876 | D        | Noticed a yaktaur
   876 | D        | Noticed a rime drake
   885 | D        | Reached skill level 10 in Armour
   892 | D        | Killed a rime drake
   892 | D        | Reached skill level 10 in Dodging
   896 | D        | Killed a yaktaur
   896 | D        | Reached **** piety under Okawaru
   896 | D        | Reached skill level 11 in Fighting
   896 | D        | Reached skill level 10 in Axes
  1193 | D        | Noticed a swamp dragon
  1201 | D        | Killed from afar by an acid dragon

Vault maps used:
D:        pitsprint

Skill      XL: |  1  2  3  4  5  6  7  8 |
---------------+-------------------------+-----
Fighting       | 4 5 6 7 8 10 11 | 11.0
Polearms       | 4 |  4.8
Armour         | 3 5 6 8 9 10 | 10.7
Dodging        | 4 5 6 7 8 9 10 | 10.5
Axes           | 1 3 4 5 7 9 10 | 10.2
Invocations    | 3 4 6 7 8 |  8.6
Throwing       | |  2.0

Action                   |  1- 3 |  4- 6 |  7- 9 || total
-------------------------+-------+-------+-------++-------
Melee: Trident           |    12 |       |       ||    12
       Hand axe          |    10 |    44 |    61 ||   115
       Headbutt          |     2 |     5 |    17 ||    24
       Punch             |       |     1 |       ||     1
       Broad axe         |       |       |     6 ||     6
Invok: Heroism           |       |     1 |       ||     1
  Use: Potion            |       |       |     3 ||     3
  Eat: Meat ration       |       |     2 |       ||     2
Armor: Leather armour    |     6 |     9 |       ||    15
       Plate armour      |       |    26 |    36 ||    62
Dodge: Dodged            |    12 |    44 |    33 ||    89

Table legend:
 A = Spawn XP
 B = Non-spawn XP
 C = Spawn XP percentage of total XP
 D = Spawn monster count
 E = Non-spawn monster count
 F = Spawn count percentage of total count
 G = Total turns spent on level
                    A         B        C        D         E        F      G
               +---------+---------+-------+---------+---------+-------+---------
         Total |       0 |    2679 |   0.0 |       0 |      30 |   0.0 |  1201
               +---------+---------+-------+---------+---------+-------+---------
             D |       0 |    2679 |   0.0 |       0 |      30 |   0.0 |  1201
               +---------+---------+-------+---------+---------+-------+---------
